 Dungeon Crawl Stone Soup version 0.30.0-16-gbe6223bb7e (webtiles) character file.

Game seed: 7719827004919712166

12720 pigah the Zephyrmancer (level 11, -6/86 HPs)
             Began as an Octopode Air Elementalist on May 20, 2023.
             Was an Initiate of Gozag.
             Mangled by a demonic crawler (8 damage)
             ... on level 1 of the Lair of Beasts.
             The game lasted 00:21:22 (14752 turns).

pigah the Zephyrmancer (Octopode Air Elementalist) Turns: 14752, Time: 00:21:23

Health: -6/86      AC:  8    Str: 13    XL:     11   Next: 97%
Magic:  2/24       EV: 20    Int: 22    God:    Gozag
Gold:   1007       SH:  0    Dex: 13    Spells: 16/28 levels left

rFire   x . .        a - melded +3 flail of the Augurer {heavy, rElec rPois rN++ Will-}
rCold   + + +        (shield currently unavailable)
rNeg    . . .        (helmet currently unavailable)
rPois   +            t - amulet of regeneration
rElec   .            k - +5 ring of evasion
rCorr   +            o - ring of resist corrosion
SInv    .            s - ring of willpower
Will    +....        M - +6 ring of strength
Stlth   ++           v - +5 ring of evasion
HPRegen 1.14/turn    (no ring)
MPRegen 0.19/turn    (no ring)
                     (no ring)

%: no passive effects
@: swift, ice-form, quick
A: freezing attack, boosted hp, almost no armour, amphibious, 8 rings, large,
(camouflage 1), (gelatinous body 1), (nimble swimmer 1), (tentacles)
a: End Transformation, Renounce Religion, Potion Petition, Call Merchant, Bribe
Branch


You were on level 1 of the Lair of Beasts.
You worshipped Gozag.
Gozag was most pleased with you.
You were a creature of crystalline ice.
You visited 3 branches of the dungeon, and saw 12 of its levels.

You collected 1190 gold pieces.
You paid 183 gold pieces to Gozag.

Inventory:

Hand Weapons
 a - the +3 flail of the Augurer (melded) {heavy, rElec rPois rN++ Will-}
   (You took it off a kobold on level 5 of the Dungeon)

   rElec:     It insulates you from electricity.
   rPois:     It protects you from poison.
   rN:        It greatly protects you from negative energy.
   Will:      It decreases your willpower.
 b - a +1 short sword of electrocution
Missiles
 w - a throwing net
Magical Staves
 L - a staff of cold
Jewellery
 k - a +5 ring of evasion (left front paw)
 o - a ring of resist corrosion (right front paw)
 s - a ring of willpower (on tentacle)
 t - an amulet of regeneration (around neck)
 v - a +5 ring of evasion (on tentacle)
 M - a +6 ring of strength (on tentacle)
Wands
 g - a wand of iceblast (4)
 p - a wand of light (7)
 H - a wand of paralysis (8)
Scrolls
 c - a scroll of vulnerability {unknown}
 h - 4 scrolls of amnesia
 i - 5 scrolls of identify
 l - 2 scrolls of fog {unknown}
 m - a scroll of teleportation
 q - 7 scrolls of poison
 r - 5 scrolls of magic mapping
 y - a scroll of torment {unknown}
 E - a scroll of fear {unknown}
 G - 2 scrolls of enchant armour {unknown}
 J - a scroll of butterflies {unknown}
 N - 2 scrolls of blinking {unknown}
 O - a scroll of brand weapon {unknown}
 P - a scroll of silence {unknown}
 Q - a scroll of immolation {unknown}
Potions
 d - 3 potions of brilliance
 e - a potion of cancellation
 f - a potion of resistance {unknown}
 j - 2 potions of might
 n - 9 potions of curing
 u - 2 potions of invisibility
 x - a potion of lignification {unknown}
 z - a potion of attraction {unknown}
 A - a potion of degeneration {unknown}
 B - a potion of mutation {unknown}
 D - a potion of ambrosia {unknown}
 F - a potion of flight {unknown}
 I - 2 potions of haste {unknown}
 K - a potion of berserk rage {unknown}


   Skills:
 * Level 6.0 Fighting
 - Level 2.0 Dodging
 - Level 2.6 Stealth
 + Level 2.1 Unarmed Combat
 + Level 9.1 Spellcasting
 - Level 1.0 Conjurations
 * Level 6.1 Transmutations
 - Level 4.0 Ice Magic
 * Level 13.0 Air Magic


You had 16 spell levels left.
You knew the following spells:

 Your Spells              Type           Power      Damage    Failure   Level
a - Shock                 Conj/Air       100%       1d9       1%          1
b - Swiftness             Air            61%        N/A       1%          3
c - Airstrike             Air            30%        2d(5-21)  1%          4
i - Ice Form              Ice/Tmut       32%        N/A       9%          4

Your spell library contained the following spells:

 Spells                   Type           Power      Damage    Failure   Level
 Freeze                   Ice            100%       1d10      1%          1
 Static Discharge         Conj/Air       82%        2-6/arc   1%          2
 Passwall                 Tmut/Erth      19%        N/A       2%          2
 Ozocubu's Armour         Ice            27%        N/A       3%          3
 Ensorcelled Hibernation  Hex/Ice        36%        N/A       4%          2
 Slow                     Hex            40%        N/A       7%          1
 Confusing Touch          Hex            10%        N/A       21%         3
 Vampiric Draining        Necr           10%        2d6       21%         3
 Manifold Assault         Tloc           10%        N/A       54%         4
 Dispersal                Tloc           5%         N/A       100%        6
 Borgnjor's Revivificati  Necr           5%         N/A       100%        8
 Disjunction              Tloc           5%         N/A       100%        8
 Necromutation            Tmut/Necr      11%        N/A       100%        8
 Death's Door             Necr           5%         N/A       100%        9
 Simulacrum               Ice/Necr       Unusable   N/A       N/A         6

Dungeon Overview and Level Annotations

Branches:
Dungeon (10/15)            Temple (1/1) D:5            Lair (1/5) D:8
    Orc: D:9-12

Altars:
Ashenzari
Cheibriados
Dithmenos
Elyvilon
Fedhas
Gozag
Hepliaklqana
Kikubaaqudgha
Makhleb
Nemelex Xobeh
Okawaru
Qazlal
Ru
Sif Muna
Trog
Uskayaw
Vehumet
Wu Jian
Xom
Yredelemnul
Zin
The Shining One


Innate Abilities, Weirdness & Mutations

You are a creature of crystalline ice.
You have a powerful freezing melee attack.
Your maximum health is increased.
Your armour is entirely melded.
You are incapable of wielding weapons or throwing items.
You cannot wear most types of armour.
You are amphibious.
You can wear up to eight rings at the same time.
((Your skin changes colour to match your surroundings (Stealth+).))
((Your rubbery body absorbs attacks. (AC +1, EV +1)))
((You are camouflaged when in or above water. (Stealth+)))
((You have tentacles for arms and can constrict up to eight enemies at once.))


Message History

You feel strangely unstable. The swamp worm barely misses you.
The demonic crawler hits you.
* * * LOW HITPOINT WARNING * * *
The demonic crawler hits you!
* * * LOW HITPOINT WARNING * * *
The demonic crawler misses you.
You feel much better. The swamp worm bites you!!
* * * LOW HITPOINT WARNING * * *
The demonic crawler barely misses you. The demonic crawler misses you.
The demonic crawler hits you!
* * * LOW HITPOINT WARNING * * *
The swamp worm bites you but does no damage.
You feel much better.
The demonic crawler hits you but does no damage.
The demonic crawler hits you!
* * * LOW HITPOINT WARNING * * *
The demonic crawler closely misses you. The swamp worm bites you!
* * * LOW HITPOINT WARNING * * *
The demonic crawler misses you.
The demonic crawler completely misses you.
The demonic crawler barely misses you.
Your surroundings seem slightly different.
The swamp worm fires a harpoon shot at you.
The harpoon shot misses you.
Casting: Airstrike (safe; 1% risk of failure)
Confirm with . or Enter, or press ? or * to list all spells.
You feel quick.
The demonic crawler attacks as you move away!
The demonic crawler hits you but does no damage.
The demonic crawler hits you!
* * * LOW HITPOINT WARNING * * *
The demonic crawler hits you.
* * * LOW HITPOINT WARNING * * *
The demonic crawler attacks as you move away!
The demonic crawler hits you but does no damage.
The demonic crawler hits you.
* * * LOW HITPOINT WARNING * * *
The demonic crawler hits you!
You die...
Your body crumbles into a pile of gold.

.[.##.........### ##.# ##...
..#....###.#....## ##..###..##
##..#.##...#.....## ###.......##
#...#.............###........###
...#...8...8...#..#...........P#
+........>.....#..+............##
#......8...8...#................#
#...#.........##..#.#............
##..#.......#.#sY##.#.......?....
##...w.#..w.....##..##..........#
...##.........###...###.........#
..####.......##......##........##
.## ###..#######.....##.##..###
## ##...## ##....####...##.. #
#.....# ##.............. #
#8.>.8# ##............. # #.....#
###.##.......#


You could see a demonic crawler and a swamp worm.

Vanquished Creatures
  A centaur warrior (D:10)
  2 two-headed ogres
  A deep elf pyromancer (D:10)
  A black mamba (Lair:1)
  A cane toad (Lair:1)
  A gargoyle (D:10)
  An unseen horror (D:10)
  3 komodo dragons
  A troll (D:10)
  A hornet (D:10)
  4 blink frogs (Lair:1)
  A shadow (D:10)
  3 wraiths
  15 yaks
  A vampire (D:10)
  2 basilisks (D:10)
  2 vampire mosquitoes (D:10)
  A steam dragon (D:7)
  3 water moccasins
  3 ice beasts
  A sky beast (D:6)
  3 orc warriors
  2 centaurs
  3 ogres
  2 phantoms
  4 bullfrogs
  A kobold brigand (D:5)
  2 gnoll sergeants
  2 scorpions
  17 wights
  3 howler monkeys
  3 jellies
  9 orc priests
  2 hounds (D:5)
  A sleepcap (D:6)
  4 iguanas
  6 orc wizards
  13 gnolls
  2 adders
  2 shadow imps (D:7)
  3 white imps
  4 worms
  3 dart slugs
  24 orcs
  6 ball pythons
  4 endoplasms
  4 giant cockroaches
  7 goblins
  4 hobgoblins
  7 jackals
  5 quokkas
  7 bats
  4 frilled lizards
  24 kobolds
  10 rats
246 creatures vanquished.

Vanquished Creatures (others)
  An unseen horror (D:10)
1 creature vanquished.

Grand Total: 247 creatures vanquished

Notes
Turn   | Place    | Note
-------+----------+-------------------------------------------
     0 | D:1      | pigah the Octopode Air Elementalist began the quest for the
                  | Orb.
     0 | D:1      | Reached XP level 1. HP: 11/11 MP: 3/3
   132 | D:1      | Reached XP level 2. HP: 8/17 MP: 0/5
   496 | D:1      | Reached XP level 3. HP: 21/21 MP: 3/6
   548 | D:1      | Reached skill level 4 in Air Magic
   552 | D:1      | Learned a level 3 spell: Swiftness
  1423 | D:2      | Found a faded altar of an unknown god.
  1442 | D:2      | Reached XP level 4. HP: 27/27 MP: 4/7
  1634 | D:2      | Identified the +0 robe of the Shimmering Gods {Will++}
  2215 | D:2      | Reached skill level 5 in Air Magic
  2215 | D:2      | Reached XP level 5. HP: 16/31 MP: 2/9
  2220 | D:2      | Learned a level 4 spell: Airstrike
  3113 | D:3      | Found a radiant altar of Vehumet.
  3869 | D:4      | Found an ornate altar of the Wu Jian Council.
  4568 | D:5      | Entered Level 5 of the Dungeon
  4609 | D:5      | Got Edde's Cyclopedia of Firn
  4656 | D:5      | Reached XP level 6. HP: 31/36 MP: 6/11
  4697 | D:5      | Reached skill level 6 in Air Magic
  4780 | D:5      | Found a snail-covered altar of Cheibriados.
  4895 | D:5      | Reached skill level 1 in Transmutations
  4897 | D:5      | Reached skill level 1 in Ice Magic
  4968 | D:5      | Reached XP level 7. HP: 41/41 MP: 8/12
  5387 | D:5      | Reached skill level 7 in Air Magic
  5508 | D:5      | Found a staircase to the Ecumenical Temple.
  5529 | Temple   | Entered the Ecumenical Temple
  5731 | D:5      | Identified the +3 flail of the Augurer {heavy, rElec rPois
                  | rN++ Will-}
  6043 | D:5      | Reached XP level 8. HP: 46/46 MP: 10/14
  6445 | D:6      | Reached skill level 5 in Spellcasting
  6562 | D:6      | Noticed a yak
  6563 | D:6      | Noticed a yak
  6576 | D:6      | Killed a yak
  6577 | D:6      | Reached skill level 1 in Fighting
  6582 | D:6      | Learned a level 4 spell: Ice Form
  6601 | D:6      | Noticed a yak
  6604 | D:6      | Killed a yak
  6605 | D:6      | Reached skill level 8 in Air Magic
  6605 | D:6      | Noticed a yak
  6713 | D:6      | Killed a yak
  7171 | D:6      | Reached XP level 9. HP: 54/54 MP: 8/17
  8239 | D:7      | Reached skill level 9 in Air Magic
  8444 | D:7      | Found a stormy altar of Qazlal.
  9260 | D:8      | Reached XP level 10. HP: 54/63 MP: 15/20
  9368 | D:8      | Found a staircase to the Lair.
  9385 | D:8      | Reached skill level 10 in Air Magic
  9765 | D:8      | Found a glowing golden altar of the Shining One.
 10164 | D:9      | Reached skill level 1 in Unarmed Combat
 10300 | D:9      | Noticed a two-headed ogre
 10309 | D:9      | Killed a two-headed ogre
 10310 | D:9      | Reached skill level 11 in Air Magic
 10519 | D:9      | Found a hazy altar of Hepliaklqana.
 10557 | D:9      | Found an opulent altar of Gozag.
 10565 | D:9      | Reached skill level 5 in Transmutations
 10566 | D:9      | Became a worshipper of Gozag Ym Sagoz the Greedy
 10914 | D:9      | Identified the +8 scale mail of the Beginning {Rampage
                  | Dex+2 Slay-4}
 11085 | D:10     | Entered Level 10 of the Dungeon
 11360 | D:10     | Reached XP level 11. HP: 64/68 MP: 8/23
 11453 | D:10     | Reached skill level 5 in Fighting
 12124 | D:10     | Noticed a two-headed ogre
 12133 | D:10     | Killed a two-headed ogre
 12134 | D:10     | Reached skill level 12 in Air Magic
 12954 | D:10     | Noticed a centaur warrior
 12960 | D:10     | Killed a centaur warrior
 12960 | D:10     | Noticed a deep elf pyromancer
 13051 | D:10     | Killed a deep elf pyromancer
 13450 | Lair:1   | Entered Level 1 of the Lair of Beasts
 14201 | Lair:1   | Reached skill level 13 in Air Magic
 14737 | Lair:1   | HP: 2/86 [demonic crawler (15)]
 14750 | Lair:1   | HP: 4/86 [demonic crawler (4)]
 14752 | Lair:1   | Mangled by a demonic crawler

Illustrated notes

Levels and vault maps discovered:
D:1:      tarquinn_simple_flora_water_e, layout_loops_ring
D:2:      layout_basic, shapermc_ecumenical_altar_mp_urbaneastern
D:3:      layout_basic, lemuel_round_altar, item_on_display_b
D:4:      layout_cave_pods, old_standard_altar
D:5:      kennysheep_kobold_camp, layout_rooms, nicolae_overflow_hidden_temple,
          minmay_temple_entry_stoned_glass
D:6:      layout_layer_cave
D:7:      layout_rooms, nicolae_qazlal_eye_of_the_storm
D:8:      layout_cave_pools, tso_oasis_becter, david_lair_shrubbed,
          chequers_arboretum
D:9:      layout_roguey, nicolae_hepliaklqana_hippocampus,
          nicolae_gozag_seed_capital, minmay_tree_intersection
D:10:     minmay_chambers_of_sevens, layout_basic
Temple:   nicolae_temple_superstar
Lair:1:   layout_layer_cave, chequers_serial_rivers_micro_a, worms_lemuel,
          grunt_megastairs_2

Skill      XL: |  1  2  3  4  5  6  7  8  9 10 11 |
---------------+----------------------------------+-----
Air Magic      | 4 5 6 7 8 9 11 13 | 13.0
Spellcasting   | 3 4 5 6 8 9 |  9.1
Transmutations | 1 2 3 4 5 6 |  6.1
Ice Magic      | 1 2 3 4 |  4.0
Fighting       | 1 3 4 6 |  6.0
Unarmed Combat | 1 2 |  2.1
Dodging        | |  2.0
Stealth        | |  2.6
Conjurations   | |  1.0

Action                     |  1- 3 |  4- 6 |  7- 9 | 10-12 || total
---------------------------+-------+-------+-------+-------++-------
  Melee: Unarmed           |    12 |    22 |     3 |    96 ||   133
         Tentacles         |     3 |     2 |     8 |       ||    13
         Constrict         |     2 |     6 |    11 |       ||    19
         Flail             |       |       |    48 |       ||    48
         Punch             |       |       |     1 |       ||     1
   Cast: Shock             |    64 |   127 |   112 |    68 ||   371
         Airstrike         |       |       |    58 |   108 ||   166
         Ice Form          |       |       |       |    18 ||    18
         Swiftness         |       |       |       |     1 ||     1
  Evoke: Wand              |       |       |       |     3 ||     3
    Use: Scroll            |       |       |     1 |    10 ||    11
         Potion            |       |       |       |     4 ||     4
   Stab: Invisible         |       |       |       |     1 ||     1
 Armour: Skin              |     5 |     2 |     5 |    50 ||    62
  Dodge: Dodged            |    20 |    31 |   101 |   122 ||   274
